 Dungeon Crawl Stone Soup version 0.30.0-30-g96aa6591b8 (webtiles) character file.

Game seed: 14755050643102614053

1509 Descartes the Geomancer (level 9, -2/57 HPs)
             Began as a Formicid Earth Elementalist on June 26, 2023.
             Slain by Pikel
             ... wielding a +1 whip of electrocution
              (8 damage)
             ... on level 5 of the Dungeon.
             The game lasted 00:15:04 (5605 turns).

Descartes the Geomancer (FoEE)                      Turns: 5605, Time: 00:15:05

Health: -2/57      AC:  3    Str: 17    XL:     9   Next: 9%
Magic:  25/25      EV: 12    Int: 19    God:
Gold:   331        SH:  0    Dex: 14    Spells: 17/18 levels left

rFire   . . .        E - +9 short sword "Kaipoucout" {freeze, Fly MP+9 Int-2}
rCold   . . .        (no shield)
rNeg    . . .        i - +0 leather armour
rPois   .            (helmet unavailable)
rElec   .            (no cloak)
rCorr   .            (no gloves)
SInv    +            (no boots)
Will    .....        u - amulet of magic regeneration
Stlth   ++           e - +6 ring of intelligence
HPRegen 0.29/turn    (no ring)
MPRegen 0.59/turn

%: no passive effects
@: flying
A: permanent stasis, dig shafts and tunnels, antennae 3, four strong arms
a: Dig, Shaft Self


You were on level 5 of the Dungeon.
You visited 2 branches of the dungeon, and saw 7 of its levels.
You also visited: Ossuary.

You collected 331 gold pieces.

Inventory:

Hand Weapons
 l - a +3 hand axe
 x - a +2 vampiric whip
 E - the +9 short sword "Kaipoucout" (weapon) {freeze, Fly MP+9 Int-2}
   (You found it on level 3 of the Dungeon)

   Int:       It affects your intelligence (-2).
   MP:        It affects your magic capacity (+9).
   Fly:       It grants you flight.
Missiles
 h - 17 poisoned darts
Armour
 a - a +0 robe
 d - a +0 ring mail
 i - a +0 leather armour (worn)
Jewellery
 e - a +6 ring of intelligence (left hand)
 u - an amulet of magic regeneration (around neck)
 B - a ring of fire
 D - a +6 ring of strength
Wands
 f - a wand of polymorph (7)
 C - a wand of mindburst (10)
Scrolls
 c - 2 scrolls of teleportation
 g - 3 scrolls of noise
 m - 2 scrolls of poison {unknown}
 p - 3 scrolls of magic mapping
 q - a scroll of amnesia
 s - 2 scrolls of immolation {unknown}
 t - 8 scrolls of identify
 v - 2 scrolls of enchant armour {unknown}
 y - a scroll of torment {unknown}
 A - a scroll of vulnerability
Potions
 b - a potion of magic
 j - 2 potions of resistance {unknown}
 k - 4 potions of mutation {unknown}
 n - 2 potions of flight {unknown}
 o - 3 potions of ambrosia
 r - a potion of lignification {unknown}
 w - 6 potions of curing {unknown}
 z - a potion of heal wounds {unknown}
 F - a potion of attraction {unknown}


   Skills:
 + Level 5.0 Armour
 - Level 1.7 Dodging
 - Level 2.4 Stealth
 - Level 5.0 Spellcasting
 - Level 1.1 Transmutations
 * Level 9.1 Earth Magic
 - Level 5.0 Evocations


You had 17 spell levels left.
You knew the following spells:

 Your Spells              Type           Power      Damage    Failure   Level
a - Sandblast             Erth           78%        2d17      1%          1

Your spell library contained the following spells:

 Spells                   Type           Power      Damage    Failure   Level
 Passwall                 Tmut/Erth      20%        N/A       2%          2
 Stone Arrow              Conj/Erth      44%        3d9       7%          3
 Petrify                  Tmut/Erth      24%        N/A       19%         4
 Lesser Beckoning         Tloc           8%         N/A       22%         2
 Momentum Strike          Conj/Tloc      8%         3d8       22%         2
 Blink                    Tloc           Unusable   N/A       N/A         2

Dungeon Overview and Level Annotations

Branches:
Dungeon (6/15)             Temple (1/1) D:4         Ossuary (visited)

Altars:
Ashenzari
Cheibriados
Dithmenos
Elyvilon
Fedhas
Hepliaklqana
Kikubaaqudgha
Qazlal
Ru
Sif Muna
Trog
Uskayaw
Vehumet
Wu Jian
Xom
Yredelemnul
Zin
The Shining One

Portals:
Abyss: D:5

Annotations:
D:5 2 transporters, Pikel; ymhsbmbesitwf's ghost, amateur DrCj


Innate Abilities, Weirdness & Mutations

You cannot be hasted, slowed, berserked, paralysed or teleported.
You can dig through walls and to a lower floor.
You have a pair of large antennae on your head. (SInv)
Your four strong arms can wield two-handed weapons with a shield.


Message History

There is an escape hatch in the ceiling, spattered with blood here.
Pikel misses you. A mysterious force pulls you upwards.
The hatch slams shut behind you.
Level annotation: 2 transporters, ymhsbmbesitwf's ghost, amateur DrCj
Casting: Sandblast (safe; 1% risk of failure)
Confirm with . or Enter, or press ? or * to list all spells.
Aiming: Sandblast (safe; 1% risk of failure)
Press: ? - help, Shift-Dir - straight line, f - Pikel
Aim: Pikel, wielding a +1 whip of electrocution and wearing a +2 robe of fire resistance (80% to hit)
The blast of sand hits Pikel but does no damage.
Pikel hits you with a +1 whip of electrocution.
You are electrocuted!
Pikel hits you with a +1 whip of electrocution!
Casting: Sandblast (safe; 1% risk of failure)
Confirm with . or Enter, or press ? or * to list all spells.
Aiming: Sandblast (safe; 1% risk of failure)
Press: ? - help, Shift-Dir - straight line, f/p - Pikel
Aim: Pikel, wielding a +1 whip of electrocution and wearing a +2 robe of fire resistance (80% to hit)
The blast of sand hits Pikel.
Pikel is lightly wounded.
Pikel hits you but does no damage.
Casting: Sandblast (safe; 1% risk of failure)
Confirm with . or Enter, or press ? or * to list all spells.
Aiming: Sandblast (safe; 1% risk of failure)
Press: ? - help, Shift-Dir - straight line, f/p - Pikel
Aim: Pikel, wielding a +1 whip of electrocution and wearing a +2 robe of fire resistance (lightly wounded, 80% to hit)
The blast of sand hits Pikel.
Pikel is lightly wounded.
Pikel hits you with a +1 whip of electrocution.
Pikel waves his whip at you.
Pikel hits you with a +1 whip of electrocution!
You are electrocuted!
* * * LOW HITPOINT WARNING * * *
Pikel attacks as you move away! Pikel closely misses you.
Pikel attacks as you move away! Pikel barely misses you.
Pikel attacks as you move away!
Pikel hits you with a +1 whip of electrocution.
* * * LOW HITPOINT WARNING * * *
You are electrocuted!
You die...

#......#.......## #........##..
##########..##..# ##.#.....##..
#..###.#####.....[##{#.
#..###...#..).....#x... ####
#.....#....#..#...##... ...#
##.##.#..##........##.#
...########...................#..
.............##.......#..#...##..
........รท<......@K...........#..#
...#######......##......##...####
...# #......###..~...~.##.......
...# #......# #.#..~.~..........
#### #......# #.....~~....######
#......# #.##......#.######
#......# #.#######.#.#.....
#......###.# #...#.....
#######....# ###)......


You could see Pikel.

Vanquished Creatures
  A water moccasin (D:5)
  2 ice beasts (D:6)
  A sky beast (D:6)
  A black bear (D:6)
  A lemure (D:6)
  A centaur (D:6)
  A phantom (D:5)
  A kobold brigand (D:5)
  A scorpion (D:4)
  A vampire bat (D:3)
  3 jellies
  2 orc priests
  3 iguanas
  A sleepcap (D:4)
  3 orc wizards
  A mummy (Ossuary)
  4 gnolls (D:2)
  5 adders
  A shadow imp (D:5)
  A white imp (D:4)
  2 ufetubi
  2 worms
  4 dart slugs
  3 fire bats (D:3)
  23 orcs
  4 spectral bats
  3 bat skeletons (D:3)
  A bat zombie (D:3)
  5 endoplasms
  15 giant cockroaches
  10 hobgoblins
  7 kobolds
  3 quokkas
  10 ball pythons
  13 bats
  4 bat simulacra
  A frilled lizard (D:3)
  12 gnoll zombies (Ossuary)
  5 goblins
  A goblin simulacrum (Ossuary)
  7 goblin zombies
  4 hobgoblin zombies (Ossuary)
  A kobold simulacrum (Ossuary)
  5 kobold zombies (Ossuary)
  3 orc zombies (Ossuary)
  A rat (D:3)
  2 rat simulacra (Ossuary)
  A rat zombie (D:4)
  3 spectral goblins (Ossuary)
  4 spectral kobolds (Ossuary)
  4 spectral rats (Ossuary)
198 creatures vanquished.

Notes
Turn   | Place    | Note
-------+----------+-------------------------------------------
     0 | D:1      | Descartes the Formicid Earth Elementalist began the quest
                  | for the Orb.
     0 | D:1      | Reached XP level 1. HP: 13/13 MP: 3/3
   212 | D:1      | Reached XP level 2. HP: 19/19 MP: 3/5
   376 | D:1      | Found a faded altar of an unknown god.
   416 | D:1      | Reached skill level 4 in Earth Magic
   913 | D:1      | Reached skill level 1 in Armour
   913 | D:1      | Reached skill level 1 in Evocations
   913 | D:1      | Reached XP level 3. HP: 4/24 MP: 0/6
  1127 | D:2      | You fall into a shaft and drop 2 floors!
  1133 | D:4      | Found a staircase to the Ecumenical Temple.
  1146 | Temple   | Entered the Ecumenical Temple
  1241 | D:4      | Reached XP level 4. HP: 6/30 MP: 1/8
  1316 | D:4      | Reached XP level 5. HP: 26/35 MP: 0/9
  1357 | D:4      | Reached skill level 5 in Earth Magic
  1357 | D:4      | Found a sand-covered staircase.
  1410 | Ossuary  | Entered an ossuary
  1972 | Ossuary  | Reached XP level 6. HP: 39/39 MP: 4/10
  2685 | D:3      | Reached skill level 6 in Earth Magic
  3072 | D:2      | Reached XP level 7. HP: 46/46 MP: 10/12
  3273 | D:3      | Identified the +9 short sword "Kaipoucout" {freeze, Fly
                  | MP+9 Int-2}
  3357 | D:3      | Found a basalt altar of Yredelemnul.
  4007 | D:3      | Found a white marble altar of Elyvilon.
  4353 | D:4      | Reached skill level 7 in Earth Magic
  4466 | D:5      | Entered Level 5 of the Dungeon
  4474 | D:5      | Found a transporter.
  4490 | D:5      | Found a transporter.
  4507 | D:5      | Found a one-way gate to the infinite horrors of the Abyss.
  4507 | D:5      | Noticed ymhsbmbesitwf's ghost (amateur DrCj)
  4593 | D:5      | Reached XP level 8. HP: 52/52 MP: 12/14
  4855 | D:5      | Reached skill level 8 in Earth Magic
  4893 | D:5      | Noticed a small abomination
  5253 | D:6      | Reached skill level 5 in Spellcasting
  5355 | D:6      | Reached skill level 5 in Evocations
  5355 | D:6      | Reached XP level 9. HP: 57/57 MP: 16/16
  5416 | D:6      | Reached skill level 5 in Armour
  5416 | D:6      | Reached skill level 9 in Earth Magic
  5588 | D:6      | Noticed Pikel
  5605 | D:5      | Slain by Pikel

Illustrated notes

Levels and vault maps discovered:
D:1:      eino_arrival_druids_welcome, layout_loops_ring,
          dreamdust_ecumenical_altar_hidden_monk_grotto
D:2:      layout_rooms
D:3:      minmay_roachtagon, layout_loops_corners, kennysheep_ying_yang,
          goddamned_bats
D:4:      layout_cave_pools, minmay_temple_entry_overgrown, enter_ossuary_4
D:5:      layout_rooms, gammafunk_ghost_abyssal_escape,
          chequers_serial_rivers_micro_c, ebering_dispersal_statue_hall
D:6:      layout_basic, uniq_pikel
Temple:   kb_temple_of_zot

Skill      XL: |  1  2  3  4  5  6  7  8  9 |
---------------+----------------------------+-----
Earth Magic    | 4 5 6 7 8 9 |  9.1
Armour         | 1 2 3 4 5 |  5.0
Evocations     | 1 2 3 5 |  5.0
Spellcasting   | 3 4 5 |  5.0
Dodging        | |  1.7
Stealth        | |  2.4
Transmutations | |  1.1

Action                     |  1- 3 |  4- 6 |  7- 9 || total
---------------------------+-------+-------+-------++-------
  Melee: Unarmed           |     3 |       |       ||     3
         Hand axe          |     2 |     3 |       ||     5
         Whip              |       |       |     8 ||     8
         Short sword       |       |       |     1 ||     1
   Cast: Sandblast         |    35 |   130 |   149 ||   314
    Use: Potion            |     1 |       |       ||     1
         Scroll            |     3 |     3 |       ||     6
 Armour: Leather armour    |     6 |    16 |    27 ||    49
  Dodge: Dodged            |    25 |    32 |    56 ||   113
